 Dungeon Crawl Stone Soup version 0.25-a0-697-g890751e (webtiles) character file.

Game seed: 2487474564031057680, levelgen mode: deterministic

5950 Cecillian the Quickloader (level 10, -6/88 HPs)
             Began as a Deep Dwarf Hunter on Mar 31, 2020.
             Was a Believer of Makhleb.
             Mangled by a spiny frog (19 damage)
             ... on level 1 of the Lair of Beasts.
             The game lasted 00:47:23 (9948 turns).

Cecillian the Quickloader (Deep Dwarf Hunter)       Turns: 9948, Time: 00:47:24

Health: -6/88      AC:  8    Str: 19    XL:     10   Next: 54%
Magic:  17/17 (8)  EV:  9    Int: 13    God:    Makhleb [**....]
Gold:   431        SH:  5    Dex: 14    Spells: 12/15 levels left

rFire    . . .     SeeInvis .   J - +6 long sword
rCold    . . .     Gourm    .   e - +0 buckler
rNeg     . . .     Faith    .   w - +0 chain mail
rPois    .         Spirit   .   (no helmet)
rElec    .         Reflect  .   (no cloak)
rCorr    .         Harm     .   (no gloves)
MR       +....     Rnd*Rage +   (no boots)
Stlth    ..........             (no amulet)
HPRegen  0.00/turn              d - ring of wizardry
MPRegen  0.15/turn              c - ring of magical power

@: berserk cooldown, non-regenerating, slowed, very slow
A: damage resistance, heal wounds, berserk 1, clever 1, sense surroundings 2,
MP-powered wands, no regeneration
a: Heal Wounds, Minor Destruction, Renounce Religion


You were on level 1 of the Lair of Beasts.
You worshipped Makhleb.
Makhleb was pleased with you.
You were not hungry.

You visited 3 branches of the dungeon, and saw 10 of its levels.
You also visited: Sewer.

You collected 431 gold pieces.

Inventory:

Hand Weapons
 a - a +1 hand crossbow
 u - a +1 rapier of holy wrath
 v - a +0 hunting sling
 C - a cursed +5 scimitar
 E - a +4 great sword
 F - a +2 rapier of speed
 J - a +6 long sword (weapon)
Missiles
 b - 38 poisoned darts
 g - 328 stones
 p - 25 sling bullets
 r - 3 datura-tipped darts
 y - 5 boomerangs (quivered)
 B - 2 throwing nets
 K - a bolt
 L - 4 curare-tipped darts
Armour
 e - a +0 buckler (worn)
 o - a +0 plate armour
 w - a +0 chain mail (worn)
 z - a +0 ring mail of magic resistance
Jewellery
 c - a ring of magical power (right hand)
 d - a ring of wizardry (left hand)
 x - an uncursed ring of positive energy
 N - a cursed amulet of inaccuracy {unknown}
Wands
 M - a wand of paralysis (4)
Scrolls
 h - a scroll of fear
 j - 2 scrolls of remove curse
 G - a scroll of amnesia
 H - a scroll of enchant weapon
Potions
 i - a potion of ambrosia {unknown}
 k - a potion of degeneration {unknown}
 l - a potion of resistance
 m - 2 potions of flight
 n - 2 potions of mutation
 q - a potion of haste
 s - a potion of stabbing
 A - 2 potions of curing
 D - a potion of brilliance
 I - a potion of cancellation
Comestibles
 f - 13 rations
 t - a chunk of flesh


   Skills:
 - Level 5.0 Fighting
 - Level 8.0 Long Blades
 - Level 10.0 Crossbows
 * Level 4.1 Throwing
 - Level 2.0 Armour
 - Level 4.3 Dodging
 - Level 1.2 Stealth
 - Level 3.6 Shields
 - Level 3.1 Spellcasting
 - Level 4.1 Invocations
 + Level 4.5 Evocations


You had 12 spell levels left.
You knew the following spells:

 Your Spells              Type           Power        Failure   Level  Hunger
a - Sandblast             Erth           #.....       71%         1    #......
b - Passwall              Tmut/Erth      #.......     85%         2    ##.....

Your spell library contained the following spells:

 Spells                   Type           Power        Failure   Level  Hunger
 Beastly Appendage        Tmut           #.....       71%         1    #......
 Magic Dart               Conj           #...         71%         1    #......
 Searing Ray              Conj           #.....       85%         2    ##.....
 Sticks to Snakes         Tmut           #.......     85%         2    ##.....
 Dazzling Flash           Conj/Hex       #.....       96%         3    ###....
 Spider Form              Tmut/Pois      #.........   96%         3    ###....
 Stone Arrow              Conj/Erth      #.....       96%         3    ###....
 Fulminant Prism          Conj/Hex       #.........   100%        4    #####..
 Ice Form                 Ice/Tmut       #.......     100%        4    #####..
 Iskenderun's Mystic Bla  Conj/Tloc      #.......     100%        4    #####..
 Petrify                  Tmut/Erth      #.......     100%        4    #####..
 Blade Hands              Tmut           #.........   100%        5    ######.
 Lee's Rapid Deconstruct  Erth           #.........   100%        5    ######.


Dungeon Overview and Level Annotations

Branches:
Dungeon (8/15)             Temple (1/1) D:4            Lair (1/6) D:8
  Sewer (visited)

Altars:
Dithmenos
Hepliaklqana
Kikubaaqudgha
Makhleb
Nemelex Xobeh
Okawaru
Wu Jian
Xom
The Shining One

Annotations:
D:4 Pikel
D:5 exclusion: door


Innate Abilities, Weirdness & Mutations

You are resistant to damage.
You can heal yourself by infusing magical energy.
You passively map the area around you.
You do not regenerate.
You tend to lose your temper in combat.
Your mind is acute. (Int +2)
You expend magic power (3 MP) to strengthen your wands.


Message History

You slash the spiny frog!
The spiny frog is moderately wounded.
The spiny frog closely misses you. The spiny frog stings you!
You are poisoned.
The spiny frog poisons you!
The blink frog croaks.
Unknown command.
You slash the spiny frog!
The spiny frog is heavily wounded.
You feel sick. The spiny frog stings you!
The blink frog blinks!
A blink frog comes into view.
The spiny frog stings you!
* * * LOW HITPOINT WARNING * * *
You are lethally poisoned!
The spiny frog poisons you! The blink frog hits you!
* * * LOW HITPOINT WARNING * * *
You feel better.
The blink frog croaks.
The blink frog blinks!
The spiny frog stings you!!
You die...

, , , * , , . ,, ... ,
, ,, , ^. , .... , ,, *
*#. , ..... , , , , *
#. ...... ...## ,*
##.####....#* ....#
####........######...#*
,,,
,.....................#
, , * ,
#..@.............# , ,
##.§F............. ,
*#P...##.####...#### ,,
, , ,
..##...####.........##
, ,
....F..F..............#
, ,
.(..........÷.........#
*
.§###.......#.........#
,, . ,
#.#...#.##......###
###...#.###....##


You could see a spiny frog and 2 blink frogs.

Vanquished Creatures
  A two-headed ogre (D:8)
  2 spiny frogs (Lair:1)
  Sigmund (D:2)
  A yak (D:8)
  2 sky beasts
  7 porcupines
  An ice beast (D:7)
  3 orc warriors
  A black bear (D:8)
  4 ogres
  2 phantoms
  A necrophage (D:7)
  3 centaurs
  2 big kobolds
  3 bullfrogs
  2 scorpions
  A water moccasin skeleton (D:8)
  8 killer bees
  9 wights
  2 howler monkeys (D:5)
  3 crimson imps
  A bullfrog zombie (D:5)
  A centaur skeleton (D:5)
  2 jellies (D:6)
  A bullfrog skeleton (D:6)
  A hound (D:8)
  2 orc priests
  5 orc wizards
  3 worker ants
  Ijyb (D:4)
  An iguana (D:8)
  Natasha (twice) (D:2)
  A killer bee zombie (D:8)
  2 river rats
  14 adders
  A shadow imp (D:8)
  A white imp (D:8)
  An ooze (D:2)
  An adder zombie (D:7)
  2 worms
  4 dart slugs
  6 leopard geckos
  25 orcs
  6 giant cockroaches
  12 goblins
  10 hobgoblins
  5 jackals
  19 kobolds
  4 quokkas
  7 ball pythons
  4 bats
  3 frilled lizards
  A goblin skeleton (D:8)
  2 goblin zombies (D:8)
  A kobold skeleton (D:8)
  A kobold zombie (D:8)
  A quokka skeleton (D:7)
  11 rats
224 creatures vanquished.

Vanquished Creatures (others)
  20 fungi (D:8)
  A plant (D:8)
  3 withered plants (D:7)
24 creatures vanquished.

Grand Total: 248 creatures vanquished

Notes
Turn   | Place    | Note
-------+----------+-------------------------------------------
     0 | D:1      | Cecillian the Deep Dwarf Hunter began the quest for the
                  | Orb.
     0 | D:1      | Reached XP level 1. HP: 19/19 MP: 1/1
   217 | D:1      | Reached XP level 2. HP: 26/26 MP: 2/2
   357 | D:1      | Reached skill level 5 in Crossbows
   894 | D:1      | Reached XP level 3. HP: 20/32 MP: 3/3
  1159 | D:2      | Noticed Sigmund
  1435 | D:2      | Noticed Natasha
  1443 | D:2      | Killed Natasha
  1443 | D:2      | Reached XP level 4. HP: 37/40 MP: 3/3
  1582 | D:2      | Reached skill level 6 in Crossbows
  1867 | D:2      | Killed Sigmund
  1867 | D:2      | Reached skill level 7 in Crossbows
  1867 | D:2      | Reached XP level 5. HP: 33/48 MP: 4/4
  1867 | D:2      | Reached XP level 6. HP: 38/55 MP: 5/5
  2009 | D:2      | Noticed Natasha
  2014 | D:2      | Killed Natasha
  2377 | D:3      | Reached skill level 8 in Crossbows
  2961 | D:3      | Found a sparkling altar of Nemelex Xobeh,
  3382 | D:3      | Reached XP level 7. HP: 22/61 MP: 6/6
  3395 | D:3      | Reached skill level 9 in Crossbows
  3486 | D:4      | Noticed Pikel
  3488 | D:4      | Noticed Ijyb
  3490 | D:4      | Found a staircase to the Ecumenical Temple,
  3550 | D:4      | Found a glowing drain,
  3558 | Sewer    | Entered a sewer
  3709 | Sewer    | Found a white marble altar of Elyvilon,
  3921 | D:4      | Learned a level 1 spell: Sandblast
  4257 | D:4      | Reached skill level 1 in Armour
  4410 | Temple   | Entered the Ecumenical Temple
  4420 | Temple   | Became a worshipper of Makhleb the Destroyer
  4442 | D:4      | Killed Ijyb
  4658 | D:4      | Reached skill level 10 in Crossbows
  4791 | D:5      | Entered Level 5 of the Dungeon
  4824 | D:4      | Gained mutation: You expend magic power (3 MP) to
                  | strengthen your wands. [potion of mutation]
  4824 | D:4      | Gained mutation: You tend to lose your temper in combat.
                  | [potion of mutation]
  4824 | D:4      | Gained mutation: Your mind is acute. (Int +2) [potion of
                  | mutation]
  4892 | D:5      | Reached skill level 1 in Spellcasting
  4953 | D:5      | Reached XP level 8. HP: 18/69 MP: 3/6
  5138 | D:5      | Upgraded the game from 0.25-a0-690-g234afa5 to
                  | 0.25-a0-697-g890751e
  5195 | D:5      | Found a glowing golden altar of the Shining One,
  5197 | D:5      | Found a hazy altar of Hepliaklqana,
  5197 | D:5      | Found a basalt altar of Yredelemnul,
  5217 | D:5      | Found an iron altar of Okawaru,
  5217 | D:5      | Found a shimmering altar of Xom,
  5217 | D:5      | Found an opulent altar of Gozag,
  5596 | D:5      | Found a shadowy altar of Dithmenos,
  5976 | D:6      | Learned a level 2 spell: Passwall
  6087 | D:6      | Reached * piety under Makhleb
  6630 | D:7      | Found an ancient bone altar of Kikubaaqudgha,
  6838 | D:7      | Reached skill level 1 in Long Blades
  7103 | D:7      | Gained mutation: You passively map the area around you.
                  | [Deep Dwarf growth]
  7103 | D:7      | Reached XP level 9. HP: 21/80 MP: 4/8
  7214 | D:7      | Reached skill level 5 in Fighting
  7333 | D:7      | HP: 4/81 [ogre/+0 giant spiked club (15)]
  7336 | D:7      | Reached skill level 1 in Invocations
  7865 | D:8      | Reached skill level 5 in Long Blades
  7919 | D:8      | Noticed a two-headed ogre
  8043 | D:8      | Found a glowing golden altar of the Shining One,
  8139 | D:8      | Reached ** piety under Makhleb
  8275 | D:8      | Reached skill level 1 in Shields
  8296 | D:8      | HP: 6/121 [porcupine's spines (2)]
  8755 | D:8      | Reached XP level 10. HP: 38/88 MP: 6/8
  9126 | D:8      | Found a staircase to the Lair,
  9224 | D:8      | Reached skill level 1 in Evocations
  9549 | D:8      | Found an ornate altar of the Wu Jian Council,
  9651 | D:8      | Killed a two-headed ogre
  9751 | Lair:1   | Entered Level 1 of the Lair of Beasts
  9858 | Lair:1   | Noticed a spiny frog
  9867 | Lair:1   | Killed a spiny frog
  9905 | Lair:1   | Noticed a spiny frog
  9920 | Lair:1   | Killed a spiny frog
  9941 | Lair:1   | Noticed a spiny frog
  9948 | Lair:1   | Mangled by a spiny frog

Levels and vault maps discovered:
D:1:      roderic_crop_circles_arrival_small, layout_basic
D:2:      layout_loops_ring, uniq_natasha, uniq_sigmund
D:3:      wad_pebble_path, layout_basic, nemelex_altar_shiori
D:4:      layout_basic, minmay_temple_entry_proselytizer, portal_sewer_entry_e,
          kennysheep_small_spiral, minmay_misc_feat_nine_boxes, uniq_pikel,
          uniq_ijyb
D:5:      layout_basic, doesnt_xom_only_xom, first_ration,
          nicolae_dithmenos_the_darkroom
D:6:      layout_basic
D:7:      layout_basic, kiku_gazebo_garden_becter, grunt_ogre_cave
D:8:      layout_loops_corners, nicolae_tso_besieged_by_evil,
          kennysheep_mini_moat, due_lair_maze_entry_diamond
Temple:   regret_index_temple_sphere_string
Lair:1:   layout_gridlike, gauntlet_entry_generic

Skill      XL: |  1  2  3  4  5  6  7  8  9 10 |
---------------+-------------------------------+-----
Fighting       | 2 3 4 5 |  5.0
Crossbows      | 5 7 8 10 | 10.0
Armour         | 2 |  2.0
Spellcasting   | 1 3 |  3.1
Dodging        | 4 |  4.3
Long Blades    | 2 7 8 |  8.0
Invocations    | 4 |  4.1
Shields        | 3 |  3.6
Evocations     | 4 |  4.5
Throwing       | 4 |  4.1
Stealth        | |  1.2

Action                   |  1- 3 |  4- 6 |  7- 9 | 10-12 || total
-------------------------+-------+-------+-------+-------++-------
Melee: Short sword       |    39 |       |       |       ||    39
       Spear             |     7 |       |       |       ||     7
       Dagger            |    26 |    81 |   149 |       ||   256
       Long sword        |       |       |   129 |    89 ||   218
       Rapier            |       |       |    56 |       ||    56
 Fire: Hand crossbow     |    39 |    42 |    90 |     1 ||   172
       Hunting sling     |       |    37 |    26 |       ||    63
Throw: Stone             |     5 |     3 |     1 |       ||     9
       Dart              |       |     5 |    65 |    26 ||    96
       Boomerang         |       |       |       |     4 ||     4
 Cast: Sandblast         |       |       |     6 |       ||     6
       Passwall          |       |       |     1 |       ||     1
Invok: Minor Destruction |       |       |     1 |       ||     1
 Abil: Heal Wounds       |     1 |       |    15 |       ||    16
Evoke: Wand              |       |       |     6 |     6 ||    12
  Use: Potion            |       |     1 |     7 |     1 ||     9
       Scroll            |       |     3 |    11 |     2 ||    16
 Stab: Sleeping          |     1 |       |       |       ||     1
       Paralysed         |       |       |       |    12 ||    12
  Eat: Chunk             |     2 |     6 |    10 |     3 ||    21
       Ration            |       |       |     2 |     1 ||     3
Armor: Leather armour    |    18 |       |       |       ||    18
       Chain mail        |     8 |    28 |    95 |    47 ||   178
       Ring mail         |       |    15 |    56 |       ||    71
       Skin              |       |       |     1 |       ||     1
Dodge: Dodged            |    60 |    49 |   245 |    26 ||   380
Block: Buckler           |       |       |    19 |    26 ||    45
       Rpst.: Long sword |       |       |    21 |     5 ||    26

Table legend:
 A = Non-vault XP
 B = Vault XP
 C = Vault XP percentage of total XP
 D = Non-vault monster count
 E = Vault monster count
 F = Vault count percentage of total count
                 A         B        C        D         E       F
            +---------+---------+-------+---------+---------+-------
      Total |    6685 |    1816 |  21.4 |     186 |      38 |  17.0
            +---------+---------+-------+---------+---------+-------
        D:1 |      49 |       0 |   0.0 |      26 |       0 |   0.0
        D:2 |     143 |     266 |  65.0 |      26 |       2 |   7.1
        D:3 |     343 |       0 |   0.0 |      25 |       0 |   0.0
        D:4 |     289 |     112 |  27.9 |       9 |      10 |  52.6
        D:5 |     597 |       0 |   0.0 |      18 |       0 |   0.0
        D:6 |     426 |       0 |   0.0 |       9 |       0 |   0.0
        D:7 |    1620 |     113 |   6.5 |      26 |       1 |   3.7
        D:8 |    2038 |    1202 |  37.1 |      42 |      15 |  26.3
     Lair:1 |    1180 |       0 |   0.0 |       5 |       0 |   0.0
      Sewer |       0 |     123 | 100.0 |       0 |      10 | 100.0
            +---------+---------+-------+---------+---------+-------
